 Dungeon Crawl Stone Soup version 0.30-a0-364-gf6b3ef1049 (webtiles) character file.

Game seed: 5868045688995766328

35 SmokeWeed the Ducker (level 3, -5/28 HPs)
             Began as a Merfolk Gladiator on Nov 15, 2022.
             Slain by Terence
             ... wielding a +0 flail
              (6 damage)
             ... on level 2 of the Dungeon.
             The game lasted 00:04:35 (777 turns).

SmokeWeed the Ducker (Merfolk Gladiator)             Turns: 777, Time: 00:04:36

Health: -5/28      AC:  6    Str: 14    XL:     3   Next: 33%
Magic:  3/3        EV: 12    Int:  9    God:
Gold:   55         SH:  0    Dex: 15    Spells: 2/2 levels left

rFire   . . .      SeeInvis .    k - +0 falchion
rCold   . . .      Faith    .    (no shield)
rNeg    . . .      Spirit   .    i - +0 ring mail
rPois   .          Reflect  .    c - +0 helmet
rElec   .          Harm     .    (no cloak)
rCorr   .          Rampage  .    (no gloves)
Will    .....                    (no boots)
Stlth   +.........               (no amulet)
HPRegen 0.24/turn                (no ring)
MPRegen 0.08/turn                (no ring)

@: no status effects
A: (nimble swimmer 2), mertail
a: no special abilities


You were on level 2 of the Dungeon.
You visited 1 branch of the dungeon, and saw 2 of its levels.

You collected 55 gold pieces.

Inventory:

Hand Weapons
 a - a +0 rapier
 g - a +0 sling
 k - a +0 falchion (weapon)
Armour
 b - a +0 leather armour
 c - a +0 helmet (worn)
 i - a +0 ring mail (worn)
Jewellery
 l - a ring of fire
Scrolls
 f - a scroll of identify
 h - a scroll of acquirement {unknown}
Potions
 j - 2 potions of curing
 m - a potion of attraction
 o - a potion of mutation
 p - a potion of brilliance {unknown}


   Skills:
 + Level 2.6 Fighting
 + Level 4.2 Short Blades
 + Level 2.0 Throwing
 + Level 0.6 Armour
 + Level 4.5 Dodging
 + Level 0.2 Stealth


You had 2 spell levels left.
You didn't know any spells.
Your spell library contained the following spells:

 Spells                   Type           Power      Damage    Failure   Level
 Shock                    Conj/Air       0%         1d3       63%         1
 Swiftness                Air            0%         N/A       94%         3
 Airstrike                Air            0%         2d(0-16)  100%        4


Dungeon Overview and Level Annotations

Branches:
Dungeon (2/15)

Altars:

Annotations:
D:2 Terence


Innate Abilities, Weirdness & Mutations

((You are very nimble when in or above water. (Stealth+, EV+, Speed+++)))
Your lower body shifts to a powerful aquatic tail in water.


Message History

The javelin pierces through Terence but does no damage.
Terence is heavily wounded.
Terence closely misses you.
You hit Terence but do no damage.
Terence is heavily wounded.
Terence barely misses you.
You hit Terence but do no damage.
Terence is heavily wounded.
Terence hits you with a +0 flail.
You hit Terence but do no damage.
Terence is heavily wounded.
Terence hits you but does no damage. Terence hits you with a +0 flail!
* * * LOW HITPOINT WARNING * * *
You closely miss Terence.
Terence is heavily wounded.
Terence closely misses you.
You hit Terence but do no damage.
Terence is heavily wounded.
Terence completely misses you.
You hit Terence.
Terence is almost dead.
Terence barely misses you.
You hit Terence but do no damage.
Terence is almost dead.
Terence barely misses you.
You closely miss Terence.
Terence is almost dead.
Terence misses you. Terence hits you with a +0 flail.
* * * LOW HITPOINT WARNING * * *
You hit Terence but do no damage.
Terence is almost dead.
Terence barely misses you.
You barely miss Terence.
Terence is almost dead.
Terence hits you with a +0 flail.
* * * LOW HITPOINT WARNING * * *
You hit Terence but do no damage.
Terence is severely wounded.
Terence hits you with a +0 flail.
You die...

.###.#####.#
....>......# ..#
.......# #..###.
###.##.# ....(..
#.##.# #..##.......
#.##.######..#........
#...#.<......#...(....
####.######.##.@......
#.# #.##@# #.# #.##.##
#.# #[#...###.# #.#
#........... #.#
##.....##... #.#
#.#.#...... #.#
#.#...##..
#.#######.###.##..#
#............(... #


You could see Terence.

Vanquished Creatures
  An adder (D:2)
  3 endoplasms
  A goblin (D:1)
  3 hobgoblins (D:1)
  7 jackals (D:1)
  2 quokkas (D:1)
  A frilled lizard (D:1)
  4 rats (D:1)
22 creatures vanquished.

Notes
Turn   | Place    | Note
-------+----------+-------------------------------------------
     0 | D:1      | SmokeWeed the Merfolk Gladiator began the quest for the
                  | Orb.
     0 | D:1      | Reached XP level 1. HP: 16/16 MP: 1/1
    60 | D:1      | Reached XP level 2. HP: 16/22 MP: 2/2
   675 | D:2      | Reached XP level 3. HP: 28/28 MP: 3/3
   751 | D:2      | Noticed Terence
   776 | D:2      | HP: 1/28 [Terence/+0 flail (3)]
   777 | D:2      | Slain by Terence

Illustrated notes

Levels and vault maps discovered:
D:1:      lightli_arrival_statue_moat, layout_rooms
D:2:      layout_loops_ring, minmay_crystal_room, uniq_jessica, uniq_terence

Skill      XL: |  1  2 |
---------------+-------+-----
Short Blades   | 4 |  4.2
Fighting       | |  2.6
Throwing       | |  2.0
Armour         | |  0.6
Dodging        | |  4.5
Stealth        | |  0.2

Action                   || total
-------------------------++-------
Melee: Rapier            ||    65
       Punch             ||     1
       Falchion          ||    42
Throw: Throwing net      ||     3
       Javelin           ||     1
  Use: Scroll            ||     6
 Stab: Held in net/web   ||     3
Armor: Leather armour    ||    19
       Ring mail         ||    12
Dodge: Dodged            ||    81

Table legend: (Time is in decaauts)
 A = Elapsed time spent in this place.
 B = Non-inter-level travel time spent in this place.
 C = Inter-level travel time spent in this place.
 D = Time resting spent in this place.
 E = Time spent auto-exploring this place.
 F = Levels seen in this place.
 G = Mean time per level.
                   A        B        C        D        E       F      G
               +--------+--------+--------+--------+--------+-----+--------+
         Total |    784 |    729 |     55 |      0 |    470 |   2 |  392.0 |
       Dungeon |    784 |    729 |     55 |      0 |    470 |   2 |  392.0 |
               +--------+--------+--------+--------+--------+-----+--------+

Top non-repeatable levels by time:
     D:1: 633 daAuts
     D:2: 150 daAuts
